CCBL
YARMOUTH-DENNIS RED SOX @ HARWICH MARINERS
04/05/2060
 
TOP OF THE 1ST
Yarmouth-Dennis Red Sox batting - Pitching for Harwich Mariners : LHP Curt Schutta
Pitching: LHP Curt Schutta
Batting: RHB Lucas Plouffe 0-0: Foul Ball, location: 2F
0-1: Ball
1-1: Ground out 5-3 (Groundball, 56, EV 81.2 MPH)
Batting: LHB Sebastian Rogan 0-0: Ball
1-0: Foul Ball, location: 2F
1-1: Swinging Strike
1-2: Strikes out swinging
Batting: LHB Alex Cain 0-0: Ball
1-0: Called Strike
1-1: Ball
2-1: Ground out 4-3 (Groundball, 4, EV 82.5 MPH)
Top of the 1st over - 0 runs, 0 hits, 0 errors, 0 left on base; Yarmouth-Dennis 0 - Harwich 0
BOTTOM OF THE 1ST
Harwich Mariners batting - Pitching for Yarmouth-Dennis Red Sox : RHP Zac Goodemote
Pitching: RHP Zac Goodemote
Batting: LHB Charlie Loos 0-0: Called Strike
0-1: Called Strike
0-2: Foul Ball, location: 2F
0-2: Ball
1-2: Ball
2-2: Ball
3-2: SINGLE (Line Drive, 3L, EV 100.0 MPH)
Batting: SHB Jesse Wayland 0-0: Ball
1-0: Called Strike
1-1: Ball
2-1: Ball
3-1: Swinging Strike
3-2: Foul Ball, location: 2F
3-2: Strikes out swinging
Batting: LHB Alec Nelson 0-0: Called Strike
Charlie Loos steals 2nd base (no throw)
0-1: Ball
1-1: Ball
2-1: Called Strike
2-2: Foul Ball, location: 2F
2-2: Foul Ball, location: 2F
2-2: Foul Ball, location: 2F
2-2: Foul Ball, location: 2F
2-2: Ball
3-2: Fly out, F9 (Flyball, 9D, EV 106.2 MPH)
Runner from 2nd tags up, SAFE at 3rd, no throw by RF
Batting: RHB Terry Rowland 0-0: Ball
1-0: Foul Ball, location: 2F
1-1: Called Strike
1-2: 2-RUN HOME RUN (Flyball, 7LD, EV 90.0 MPH), Distance : 346 ft
Batting: RHB Holden Vaughn 0-0: Ball
1-0: Called Strike
1-1: Fly out, F9 (Flyball, 89S, EV 85.0 MPH)
Bottom of the 1st over - 2 runs, 2 hits, 0 errors, 0 left on base; Yarmouth-Dennis 0 - Harwich 2
TOP OF THE 2ND
Yarmouth-Dennis Red Sox batting - Pitching for Harwich Mariners : LHP Curt Schutta
Batting: LHB Montell Johnson 0-0: Ball
1-0: Ball
2-0: Ball
3-0: Called Strike
3-1: SINGLE (Line Drive, 89S, EV 104.4 MPH)
Batting: RHB Kevin Mills 0-0: Called Strike
0-1: Ball
1-1: Ball
2-1: Ball
3-1: Base on Balls
Montell Johnson to second
Batting: RHB Riley Wagoner 0-0: Called Strike
0-1: Ball
1-1: Called Strike
1-2: Ball
2-2: Ball
3-2: Strikes out looking
Batting: RHB Lon McQuagge 0-0: Ball
1-0: SINGLE (Groundball, 6MD, EV 99.4 MPH)
Montell Johnson to third
Kevin Mills to second
Batting: RHB Kameron Ellison 0-0: Called Strike
0-1: Foul Ball, location: 2F
0-2: Ball
1-2: SINGLE (Line Drive, 78S, EV 95.0 MPH)
Montell Johnson scores
Kevin Mills to third
Lon McQuagge to second
Batting: RHB Rob Stylianou 0-0: Called Strike
0-1: Foul Ball, location: 2F
0-2: Ball
1-2: Foul Ball, location: 2F
1-2: Grounds into double play, 5-4-3 (Groundball, 56S, EV 83.1 MPH)
Top of the 2nd over - 1 run, 3 hits, 0 errors, 2 left on base; Yarmouth-Dennis 1 - Harwich 2
BOTTOM OF THE 2ND
Harwich Mariners batting - Pitching for Yarmouth-Dennis Red Sox : RHP Zac Goodemote
Batting: LHB Logan Morgan 0-0: Swinging Strike
0-1: Ball
1-1: Ball
2-1: Foul Ball, location: 2F
2-2: SINGLE (Line Drive, 4D, EV 97.5 MPH)
Batting: RHB R.J. Kroll 0-0: Foul Ball, location: 2F
0-1: Ball
Logan Morgan is caught stealing 2nd base 2-4
1-1: DOUBLE (Flyball, 89D, EV 88.8 MPH)
Batting: RHB Maxwell Lee 0-0: Called Strike
0-1: Swinging Strike
0-2: Strikes out swinging
Batting: RHB Austin Sarpong 0-0: Fly out, F8 (Line Drive, 8LD, EV 101.9 MPH)
Bottom of the 2nd over - 0 runs, 2 hits, 0 errors, 1 left on base; Yarmouth-Dennis 1 - Harwich 2
TOP OF THE 3RD
Yarmouth-Dennis Red Sox batting - Pitching for Harwich Mariners : LHP Curt Schutta
Batting: RHB Lucas Plouffe 0-0: Called Strike
0-1: Ball
1-1: Foul Ball, location: 2F
1-2: Ball
2-2: Strikes out looking
Batting: LHB Sebastian Rogan 0-0: Called Strike
0-1: Ball
1-1: Ground out 4-3 (Groundball, 4, EV 83.8 MPH)
Batting: LHB Alex Cain 0-0: Ball
1-0: Foul Ball, location: 2F
1-1: Fly out, F8 (Flyball, 8LD, EV 96.9 MPH)
Top of the 3rd over - 0 runs, 0 hits, 0 errors, 0 left on base; Yarmouth-Dennis 1 - Harwich 2
BOTTOM OF THE 3RD
Harwich Mariners batting - Pitching for Yarmouth-Dennis Red Sox : RHP Zac Goodemote
Batting: LHB Charlie Loos 0-0: Ball
1-0: SINGLE (Line Drive, 9LS, EV 95.6 MPH)
Batting: SHB Jesse Wayland 0-0: Called Strike
0-1: Ball
1-1: Swinging Strike
1-2: Ball
2-2: Ball
3-2: Base on Balls
Charlie Loos to second
Batting: LHB Alec Nelson 0-0: SINGLE (Flyball, 8LS, EV 88.1 MPH)
Charlie Loos to third
Jesse Wayland to second
Batting: RHB Terry Rowland 0-0: Ball
1-0: Swinging Strike
1-1: Fly out, F9 (Flyball, 89M, EV 86.2 MPH)
Runner from 3rd tags up, SCORES, no throw by RF
Batting: RHB Holden Vaughn 0-0: Foul Ball, location: 2F
0-1: Ball
1-1: Ball
2-1: Foul Ball, location: 2F
2-2: Ball
3-2: Base on Balls
Jesse Wayland to third
Alec Nelson to second
Batting: LHB Logan Morgan 0-0: Foul Ball, location: 2F
0-1: Foul Ball, location: 2F
0-2: Ball
1-2: Strikes out swinging
Batting: RHB R.J. Kroll 0-0: Ball
1-0: Called Strike
1-1: Ball
2-1: Swinging Strike
2-2: Strikes out swinging
Bottom of the 3rd over - 1 run, 2 hits, 0 errors, 3 left on base; Yarmouth-Dennis 1 - Harwich 3
TOP OF THE 4TH
Yarmouth-Dennis Red Sox batting - Pitching for Harwich Mariners : LHP Curt Schutta
Batting: LHB Montell Johnson 0-0: Fly out, F9 (Flyball, 9LM, EV 87.5 MPH)
Batting: RHB Kevin Mills 0-0: Foul Ball, location: 2F
0-1: Ball
1-1: Ball
2-1: Foul Ball, location: 2F
2-2: Ball
3-2: SINGLE (Flyball, 6D, EV 85.0 MPH)
Batting: RHB Riley Wagoner 0-0: Ball
1-0: Ball
2-0: Ball
3-0: Called Strike
3-1: Called Strike
3-2: SINGLE (Groundball, 34D, EV 101.2 MPH)
Kevin Mills to second
Runner from 2nd tries for 3rd, SAFE, throw by RF made to third
Batting: RHB Lon McQuagge 0-0: Ball
1-0: Grounds into double play, 6-4-3 (Groundball, 56, EV 103.8 MPH)
Top of the 4th over - 0 runs, 2 hits, 0 errors, 1 left on base; Yarmouth-Dennis 1 - Harwich 3
BOTTOM OF THE 4TH
Harwich Mariners batting - Pitching for Yarmouth-Dennis Red Sox : RHP Zac Goodemote
Batting: RHB Maxwell Lee 0-0: Ball
1-0: DOUBLE (Line Drive, 89XD, EV 100.6 MPH)
Batting: RHB Austin Sarpong 0-0: Fly out, F3 (Popup, 34, EV 65.0 MPH)
Batting: LHB Charlie Loos 0-0: Foul Ball, location: 2F
0-1: Fly out, F9 (Flyball, 89M, EV 88.1 MPH)
Batting: SHB Jesse Wayland 0-0: Ball
1-0: Ball
2-0: Ground out U3 (Groundball, 3S, EV 83.8 MPH)
Bottom of the 4th over - 0 runs, 1 hit, 0 errors, 1 left on base; Yarmouth-Dennis 1 - Harwich 3
TOP OF THE 5TH
Yarmouth-Dennis Red Sox batting - Pitching for Harwich Mariners : LHP Curt Schutta
Batting: RHB Kameron Ellison 0-0: Called Strike
0-1: Called Strike
0-2: Ball
1-2: Ball
2-2: Fly out, F7 (Flyball, 7LM, EV 95.0 MPH)
Batting: RHB Rob Stylianou 0-0: Ball
1-0: Foul Ball, location: 2F
1-1: Foul Ball, location: 2F
1-2: Foul Ball, location: 2F
1-2: Foul Ball, location: 2F
1-2: Foul Ball, location: 2F
1-2: Fly out, F7 (Flyball, 78S, EV 92.5 MPH)
Batting: RHB Lucas Plouffe 0-0: Called Strike
0-1: Foul Ball, location: 2F
0-2: Ball
1-2: SINGLE (Line Drive, 56D, EV 95.6 MPH)
Batting: LHB Sebastian Rogan 0-0: Ball
1-0: Swinging Strike
1-1: Called Strike
1-2: Ball
2-2: Strikes out swinging
Top of the 5th over - 0 runs, 1 hit, 0 errors, 1 left on base; Yarmouth-Dennis 1 - Harwich 3
BOTTOM OF THE 5TH
Harwich Mariners batting - Pitching for Yarmouth-Dennis Red Sox : RHP Zac Goodemote
Batting: LHB Alec Nelson 0-0: Ball
1-0: Ball
2-0: Ball
3-0: Base on Balls
Batting: RHB Terry Rowland 0-0: Called Strike
0-1: Ball
1-1: Called Strike
1-2: SINGLE (Groundball, 56, EV 101.9 MPH) (infield hit)
Alec Nelson to second
Pitching: RHP Robert Ashton
Batting: RHB Holden Vaughn 0-0: Called Strike
0-1: Ball
1-1: Fly out, F9 (Line Drive, 9S, EV 93.1 MPH)
Batting: LHB Logan Morgan 0-0: Ball
1-0: Ball
2-0: Called Strike
2-1: Called Strike
2-2: Strikes out swinging
Batting: RHB R.J. Kroll 0-0: Swinging Strike
0-1: Ground out 4-3 (Groundball, 34, EV 107.5 MPH)
Bottom of the 5th over - 0 runs, 1 hit, 0 errors, 2 left on base; Yarmouth-Dennis 1 - Harwich 3
TOP OF THE 6TH
Yarmouth-Dennis Red Sox batting - Pitching for Harwich Mariners : LHP Curt Schutta
Pitching: RHP Derek Bingaman
Batting: LHB Alex Cain 0-0: Called Strike
0-1: Foul Ball, location: 2F
0-2: Strikes out looking
Batting: LHB Montell Johnson 0-0: Called Strike
0-1: Ball
1-1: Ball
2-1: Foul Ball, location: 2F
2-2: Foul Ball, location: 2F
2-2: Ball
3-2: Ground out 4-3 (Groundball, 4, EV 99.4 MPH)
Batting: RHB Kevin Mills 0-0: Ball
1-0: Ball
2-0: Foul Ball, location: 2F
2-1: Ground out 5-3 (Groundball, 5S, EV 95.0 MPH)
Top of the 6th over - 0 runs, 0 hits, 0 errors, 0 left on base; Yarmouth-Dennis 1 - Harwich 3
BOTTOM OF THE 6TH
Harwich Mariners batting - Pitching for Yarmouth-Dennis Red Sox : RHP Robert Ashton
Batting: RHB Maxwell Lee 0-0: Ball
1-0: Foul Ball, location: 2F
1-1: Fly out, F9 (Flyball, 89S, EV 88.8 MPH)
Batting: RHB Austin Sarpong 0-0: Ball
1-0: Ball
2-0: Ball
3-0: Base on Balls
Batting: LHB Charlie Loos 0-0: Ball
1-0: Called Strike
1-1: Fielders Choice at 2nd, 3-6 (Groundball, 3S, EV 88.8 MPH)
Batting: SHB Jesse Wayland 0-0: Ball
1-0: Called Strike
Charlie Loos steals 2nd base
1-1: Foul Ball, location: 2F
1-2: Fly out, F8 (Flyball, 8RD, EV 90.6 MPH)
Bottom of the 6th over - 0 runs, 0 hits, 0 errors, 1 left on base; Yarmouth-Dennis 1 - Harwich 3
TOP OF THE 7TH
Yarmouth-Dennis Red Sox batting - Pitching for Harwich Mariners : RHP Derek Bingaman
Batting: RHB Riley Wagoner 0-0: Ball
1-0: Ball
2-0: Ball
3-0: Base on Balls
Batting: RHB Lon McQuagge 0-0: Ball
1-0: Called Strike
1-1: Sac Bunt to 13 - play at first, batter OUT! 1-3
Riley Wagoner to second
Pinch Hitting: RHB David Saur Balk!
Riley Wagoner to third
0-0: Fly out, F7 (Line Drive, 78S, EV 92.5 MPH)
Batting: RHB Rob Stylianou 0-0: Called Strike
0-1: Ball
1-1: Swinging Strike
1-2: Ball
2-2: Fly out, F4 (Popup, 4, EV 76.9 MPH)
Top of the 7th over - 0 runs, 0 hits, 0 errors, 1 left on base; Yarmouth-Dennis 1 - Harwich 3
BOTTOM OF THE 7TH
Harwich Mariners batting - Pitching for Yarmouth-Dennis Red Sox : RHP Robert Ashton
Now at 1B: Gryphon Stillson
Batting: LHB Alec Nelson 0-0: Foul Ball, location: 2F
0-1: Ball
1-1: Swinging Strike
1-2: Foul Ball, location: 2F
1-2: Strikes out swinging
Batting: RHB Terry Rowland 0-0: Ball
1-0: Ball
2-0: Fly out, F9 (Flyball, 89M, EV 83.8 MPH)
Batting: RHB Holden Vaughn 0-0: Fly out, F8 (Flyball, 8LD, EV 95.0 MPH)
Bottom of the 7th over - 0 runs, 0 hits, 0 errors, 0 left on base; Yarmouth-Dennis 1 - Harwich 3
TOP OF THE 8TH
Yarmouth-Dennis Red Sox batting - Pitching for Harwich Mariners : RHP Derek Bingaman
Batting: RHB Lucas Plouffe 0-0: Ball
1-0: Foul Ball, location: 2F
1-1: Foul Ball, location: 2F
1-2: Ball
2-2: Ball
3-2: Strikes out swinging
Batting: LHB Sebastian Rogan 0-0: Ball
1-0: Ball
2-0: Ball
3-0: Base on Balls
Batting: LHB Alex Cain 0-0: Called Strike
0-1: Foul Ball, location: 2F
0-2: Ball
1-2: Foul Ball, location: 2F
1-2: SINGLE (Line Drive, 78S, EV 95.0 MPH)
Sebastian Rogan to second
Pitching: LHP Blair Badillo
Batting: LHB Montell Johnson 0-0: Ball
1-0: Ball
2-0: Fielders Choice at 2nd, 4-6 (Groundball, 4MS, EV 88.1 MPH)
Sebastian Rogan to third
Batting: RHB Kevin Mills 0-0: Hit by Pitch
Montell Johnson to second
Batting: RHB Riley Wagoner 0-0: Ball
1-0: Called Strike
1-1: Ball
2-1: Ball
3-1: Swinging Strike
3-2: Foul Ball, location: 2F
3-2: SINGLE (Line Drive, 4M, EV 96.2 MPH)
Sebastian Rogan scores
Montell Johnson to third
Kevin Mills to second
Montell Johnson scores
Kevin Mills to third
Batting: RHB Lon McQuagge 0-0: Fly out, F5 (Line Drive, 56, EV 62.5 MPH)
Top of the 8th over - 2 runs, 2 hits, 0 errors, 2 left on base; Yarmouth-Dennis 3 - Harwich 3
BOTTOM OF THE 8TH
Harwich Mariners batting - Pitching for Yarmouth-Dennis Red Sox : RHP Robert Ashton
Batting: LHB Logan Morgan 0-0: Ball
1-0: Called Strike
1-1: Ball
2-1: Called Strike
2-2: Ball
3-2: Fly out, F7 (Flyball, 78M, EV 90.0 MPH)
Batting: RHB R.J. Kroll 0-0: Called Strike
0-1: Ball
1-1: Foul Ball, location: 2F
1-2: Strikes out looking
Pinch Hitting: RHB Roman Stern 0-0: Swinging Strike
0-1: Ball
1-1: SOLO HOME RUN (Line Drive, 7D, EV 106.2 MPH), Distance : 393 ft
Batting: RHB Austin Sarpong 0-0: Ball
1-0: Ball
2-0: Foul Ball, location: 2F
2-1: Foul Ball, location: 2F
2-2: Ball
3-2: Base on Balls
Batting: LHB Charlie Loos 0-0: Called Strike
0-1: Ball
1-1: Ball
2-1: Fly out, F7 (Flyball, 7S, EV 89.4 MPH)
Bottom of the 8th over - 1 run, 1 hit, 0 errors, 1 left on base; Yarmouth-Dennis 3 - Harwich 4
TOP OF THE 9TH
Yarmouth-Dennis Red Sox batting - Pitching for Harwich Mariners : LHP Blair Badillo
Pitching: RHP Max Dixon
Now at C: Lance Hill
Now in RF: Henry Kyle
Pinch Hitting: LHB Devin Chapman 0-0: Ball
1-0: Ball
2-0: Called Strike
2-1: Ball
3-1: Called Strike
3-2: Foul Ball, location: 2F
3-2: Foul Ball, location: 2F
3-2: Foul Ball, location: 2F
3-2: Ground out 1-3 (Groundball, 15, EV 70.6 MPH)
Pinch Hitting: RHB Aaron Hede 0-0: Called Strike
0-1: Called Strike
0-2: Ball
1-2: Foul Ball, location: 2F
1-2: Strikes out swinging
Batting: RHB Lucas Plouffe 0-0: Swinging Strike
0-1: Ball
1-1: SINGLE (Line Drive, 78S, EV 112.5 MPH)
Batting: LHB Sebastian Rogan 0-0: Ball
1-0: Ball
2-0: Called Strike
2-1: SINGLE (Flyball, 56D, EV 95.0 MPH)
Lucas Plouffe to second
Batting: LHB Alex Cain 0-0: Ball
1-0: Foul Ball, location: 2F
1-1: Ball
2-1: Ball
3-1: Base on Balls
Lucas Plouffe to third
Sebastian Rogan to second
Batting: LHB Montell Johnson 0-0: Foul Ball, location: 2F
0-1: Ball
1-1: Swinging Strike
1-2: Strikes out swinging
Top of the 9th over - 0 runs, 2 hits, 0 errors, 3 left on base; Yarmouth-Dennis 3 - Harwich 4
Thursday, April 25th , 2024 - OOTP Baseball 23.10 Build 110